AoeStats
← [NICE_ASS] BigMasi

Arabia

510147817Analyzed
1v1 RM · 2d ago on Sep 29, 2026· 47m 19s· 2 players
Game mode
Random Map
Map size
Tiny (2 player)
Population
200
Speed
Normal
Resources
Standard
Victory
Conquest
Starting age
Dark Age
Ending age
Imperial Age
RankedLock teamsTeams togetherTeam positionsShared explorationLock speedFull tech treeHidden civsTurbo modeCheats
Victory
Defeat
🇫🇮 Saxons · Finland
1352
+15
🇨🇭 Vietnamese · Switzerland
1327
-15
[NICE_ASS] BigMasi
8:27 Loom
10:15 Feudal Age
11:06 Double-Bit Axe
12:16 Horse Collar
22:06 Castle Age
20:30 Fletching
23:09 Bow Saw
22:52 Gold Mining
23:04 Bodkin Arrow
22:40 Crossbowman
29:06 Heavy Plow
31:56 Light Cavalry
32:49 Bloodlines
32:40 Husbandry
33:31 Wheelbarrow
35:19 Scale Barding Armor
35:25 Forging
37:59 Imperial Age
37:52 Devotion
39:01 Chain Barding Armor
40:56 Iron Casting
41:52 Plate Barding Armor
unfortunately I am
6:04 Loom
6:07 Loom
6:32 Loom
9:03 Feudal Age
9:24 Man-at-Arms
19:57 Castle Age
18:27 Horse Collar
19:46 Fletching
20:05 Padded Archer Armor
20:12 Double-Bit Axe
21:24 Bodkin Arrow
22:18 Scale Mail Armor
22:42 Squires
23:17 Chain Mail Armor
24:09 Town Watch
25:11 Gambesons
25:15 Arson
26:48 Forging
29:37 Bow Saw
30:49 Wheelbarrow
31:21 Stone Mining
31:26 Gold Mining
33:03 Redemption
34:00 Sanctity
34:28 Iron Casting
34:26 Clerical Recruitment
35:59 Ballistics
37:36 Hand Cart
41:17 Imperial Age
41:12 Heavy Plow
41:14 Long Swordsman
41:18 Light Cavalry
42:09 Bloodlines
41:59 Husbandry
42:21 Block Printing
42:53 Plate Mail Armor
42:45 Conscription
42:30 Shield Wall
43:58 Theocracy
43:48 Illumination
44:20 Scale Barding Armor
46:11 Two-Man Saw
45:00 Hussar
46:49 Gold Shaft Mining
Connection lost

Rejoining the realm…

Still unreachable

The connection could not be restored.

Session expired

The server has moved on; the page needs a fresh start.